Workbook
Name Items: #REF!
Name КВСР: [1]список!$D$2:$D$17
Name НаименДолжн: '[1]Штатное расписание'!$B$8:$B$307
Name Организация: OFFSET([1]список!$E$1,MATCH('[1]Данные по учрежд'!$B$2,[1]список!$E$1:$E$65536,0)-1,1,COUNTIF([1]список!$E$1:$E$65536,'[1]Данные по учрежд'!$B$2),1)
Name СубКОСГУ: [1]список!$B$1:$B$17
Name ТипСредств: [1]список!$C$2:$C$8
Name ЭКР: [1]список!$A$2:$A$21

Sheet Ведом
A1: 4) Приложение 4 к Решению изложить в следующей редакции:
A2: "Приложение 4
A3: к решению Собрания представителей
A4: муниципального района Клявлинский Самарской области
A5: "О бюджете муниципального района Клявлинский Самарской области
A6: на 2025 год и плановый период 2026 и 2027 годов"
A8: 0 | B8: ЕСЛИ(E7=0;ЕСЛИ(D7=0;ЕСЛИ(C7=0;ИНДЕКС(ГРБС!B$1:B$10;ПОИСКПОЗ(A7;ГРБС!A$1:A$10;0));ИНДЕКС(ФКР!B$1:B$113;ПОИСКПОЗ(ЛЕВСИМВ(ЗНАЧЕН(C7);4);ЛЕВСИМВ(ЗНАЧЕН(ФКР!A$1:A$113);4);0)));ИНДЕКС(КЦСР!B$1:B$1024;ПОИСКПОЗ(ЛЕВСИМВ(ЗНАЧЕН(D7);7);ЛЕВСИМВ(ЗНАЧЕН(КЦСР!A$1:A$1024);7);0)));ИНДЕКС(КВР!B$1:B$150;ПОИСКПОЗ(ЛЕВСИМВ(ЗНАЧЕН(E7);3);ЛЕВСИМВ(ЗНАЧЕН(КВР!A$1:A$150);3);0))) | C8: 0 | D8: 0 | E8: 0 | F8: 0 | G8: 0
A9: Ведомственная структура расходов бюджета муниципального района Клявлинский Самарской области на 2025 год
A11: код ГРБС | B11: Наименование главного распорядителя средств муниципального бюджета, раздела подраздела, целевой статьи, групп и подгрупп видов расходов | C11: Рз Пр | D11: ЦСР | E11: ВР | F11: Сумма, тыс. руб.
F13: Всего | G13: в том числе за счет безвозмезд-ных поступлений имеющие целевое назначение из вышестоящих бюджетов
A15: 922 | B15: Муниципальное казенное учреждение "Управление финансами муниципального района Клявлинский Самарской области" | C15: 0 | D15: 0 | E15: 0 | F15: =F16+F26+F34+F41+F47+F51+F55 -> 59234.309 | G15: =G16+G26+G34+G41+G47+G51+G55 -> 384
A16: 0 | B16: Функционирование Правительства Российской Федерации, высших исполнительных органов государственной власти субъектов Российской Федерации, местных администраций | C16: 104 | D16: 0 | E16: 0 | F16: =F17 -> 898.193 | G16: 0
A17: 0 | B17: Муниципальная программа "Управление муниципальными финансами и развитие межбюджетных отношений на 2018-2027 годы" | C17: 104 | D17: 0100000000 | E17: 0 | F17: =F18+F20 -> 898.193 | G17: 0
A18: 0 | B18: Расходы на выплаты персоналу в целях обеспечения выполнения функций государственными (муниципальными) органами, казенными учреждениями, органами управления государственными внебюджетными фондами | C18: 104 | D18: 0100000000 | E18: 100 | F18: =F19 -> 898.193 | G18: 0
A19: 0 | B19: Расходы на выплаты персоналу государственных (муниципальных) органов | C19: 104 | D19: 0100000000 | E19: 120 | F19: 898.193 | G19: 0
A20: 0 | B20: Закупка товаров, работ и услуг для обеспечения государственных (муниципальных) нужд | C20: 104 | D20: 0100000000 | E20: 200 | F20: =F21 -> 0 | G20: 0
A21: 0 | B21: Иные закупки товаров, работ и услуг для обеспечения государственных (муниципальных) нужд | C21: 104 | D21: 0100000000 | E21: 240 | G21: 0
A22: 0 | B22: Иные бюджетные ассигнования | C22: 104 | D22: 0100111000 | E22: 800 | F22: 0 | G22: 0
A23: 0 | B23: Уплата налогов, сборов и иных платежей | C23: 104 | D23: 0100111000 | E23: 850 | F23: 0 | G23: 0
B24: Иные бюджетные ассигнования | C24: 104 | D24: 0100111000 | E24: 800 | F24: =F25 -> 0
B25: Уплата налогов, сборов и иных платежей | C25: 104 | D25: 0100111000 | E25: 850 | F25: 0
A26: 0 | B26: Обеспечение деятельности финансовых, налоговых и таможенных органов и органов финансового (финансово-бюджетного) надзора | C26: 106 | D26: 0 | E26: 0 | F26: =F27 -> 16252.856 | G26: 0
A27: 0 | B27: Муниципальная программа "Управление муниципальными финансами и развитие межбюджетных отношений на 2018-2027 годы" | C27: 106 | D27: 0100000000 | E27: 0 | F27: =F28+F30+F32 -> 16252.856 | G27: 0
A28: 0 | B28: Расходы на выплаты персоналу в целях обеспечения выполнения функций государственными (муниципальными) органами, казенными учреждениями, органами управления государственными внебюджетными фондами | C28: 106 | D28: 0100000000 | E28: 100 | F28: =F29 -> 15718.234 | G28: 0
A29: 0 | B29: Расходы на выплаты персоналу государственных (муниципальных) органов | C29: 106 | D29: 0100000000 | E29: 120 | F29: 15718.234 | G29: 0
A30: 0 | B30: Закупка товаров, работ и услуг для обеспечения государственных (муниципальных) нужд | C30: 106 | D30: 0100000000 | E30: 200 | F30: =F31 -> 534.622 | G30: 0
A31: 0 | B31: Иные закупки товаров, работ и услуг для обеспечения государственных (муниципальных) нужд | C31: 106 | D31: 0100000000 | E31: 240 | F31: 534.622 | G31: 0
A32: 0 | B32: Иные бюджетные ассигнования | C32: 106 | D32: 0100000000 | E32: 800 | F32: =F33 -> 0 | G32: 0
A33: 0 | B33: Уплата налогов, сборов и иных платежей | C33: 106 | D33: 0100000000 | E33: 850 | G33: 0
B34: Другие общегосударственные вопросы | C34: 113 | F34: =F35+F38 -> 350.603
B35: Муниципальная программа "Управление муниципальными финансами и развитие межбюджетных отношений на 2018-2026 годы" | C35: 113 | D35: 0100000000 | F35: =F36 -> 0
B36: Закупка товаров, работ и услуг для обеспечения государственных (муниципальных) нужд | C36: 113 | D36: 0100000000 | E36: 200 | F36: =F37 -> 0
B37: Иные закупки товаров, работ и услуг для обеспечения государственных (муниципальных) нужд | C37: 113 | D37: 0100000000 | E37: 240
B38: Муниципальная программа "Профилактика правонарушений и обеспечение общественной безопасности в муниципальном районе Клявлинский на 2020-2027 годы" | C38: 113 | D38: 4800000000 | F38: =F39 -> 350.603
B39: Закупка товаров, работ и услуг для обеспечения государственных (муниципальных) нужд | C39: 113 | D39: 4800000000 | E39: 200 | F39: =F40 -> 350.603
B40: Иные закупки товаров, работ и услуг для обеспечения государственных (муниципальных) нужд | C40: 113 | D40: 4800000000 | E40: 240 | F40: 350.603
A41: 0 | B41: Общее образование | C41: 702 | D41: 0 | E41: 0 | F41: =F42 -> 0 | G41: 0
A42: 0 | B42: Муниципальная программа "Управление муниципальными финансами и развитие межбюджетных отношений на 2018-2027 годы" | C42: 702 | D42: 0100000000 | E42: 0 | F42: =F45 -> 0 | G42: 0
A43: 0 | B43: Муниципальная программа "Управление муниципальными финансами и развитие межбюджетных отношений на 2014-2020 годы" | C43: 702 | D43: 0100000000 | E43: 0 | F43: 0 | G43: 0
A44: 0 | B44: Межбюджетные трансферты, предоставляемые в бюджеты поселений в соответствии с заключенными соглашениями о передаче органам местного самоуправления поселений полномочий органов органов местного самоуправления муниципального района | C44: 702 | D44: 0100378130 | E44: 0 | F44: 0 | G44: 0
A45: 0 | B45: Межбюджетные трансферты | C45: 702 | D45: 0100000000 | E45: 500 | F45: =F46 -> 0 | G45: 0
A46: 0 | B46: Иные межбюджетные трансферты | C46: 702 | D46: 0100000000 | E46: 540 | F46: 0 | G46: 0
A47: 0 | B47: Обслуживание государственного (муниципального) внутреннего долга | C47: 1301 | D47: 0 | E47: 0 | F47: =F48 -> 3296.213 | G47: 0
A48: 0 | B48: Муниципальная программа "Управление муниципальными финансами и развитие межбюджетных отношений на 2018-2027 годы" | C48: 1301 | D48: 100000000 | E48: 0 | F48: =F49 -> 3296.213 | G48: 0
A49: 0 | B49: Обслуживание государственного (муниципального) долга | C49: 1301 | D49: 100000000 | E49: 700 | F49: =F50 -> 3296.213 | G49: 0
A50: 0 | B50: Обслуживание муниципального долга | C50: 1301 | D50: 100000000 | E50: 730 | F50: 3296.213 | G50: 0
A51: 0 | B51: Дотации на выравнивание бюджетной обеспеченности субъектов Российской Федерации и муниципальных образований | C51: 1401 | D51: 0 | E51: 0 | F51: =F52 -> 24909 | G51: =G52 -> 384
A52: 0 | B52: Муниципальная программа "Управление муниципальными финансами и развитие межбюджетных отношений на 2018-2027 годы" | C52: 1401 | D52: 0100000000 | E52: 0 | F52: =F53 -> 24909 | G52: =G53 -> 384
A53: 0 | B53: Межбюджетные трансферты | C53: 1401 | D53: 0100000000 | E53: 500 | F53: =F54 -> 24909 | G53: =G54 -> 384
A54: 0 | B54: Дотации | C54: 1401 | D54: 0100000000 | E54: 510 | F54: 24909 | G54: 384
A55: 0 | B55: Прочие межбюджетные трансферты общего характера | C55: 1403 | D55: 0 | E55: 0 | F55: =F56 -> 13527.444 | G55: 0
A56: 0 | B56: Муниципальная программа "Управление муниципальными финансами и развитие межбюджетных отношений на 2018-2027 годы" | C56: 1403 | D56: 0100000000 | E56: 0 | F56: =F57 -> 13527.444 | G56: 0
A57: 0 | B57: Межбюджетные трансферты | C57: 1403 | D57: 0100000000 | E57: 500 | F57: =F58 -> 13527.444 | G57: 0
A58: 0 | B58: Иные межбюджетные трансферты | C58: 1403 | D58: 0100000000 | E58: 540 | F58: 13527.444 | G58: 0
A59: 938 | B59: Муниципальное учреждение-Комитет по управлению муниципальным имуществом администрации муниципального района Клявлинский Самарской области | C59: 0 | D59: 0 | E59: 0 | F59: =F60+F76+F80+F91+F102+F98+F106+F110+F117+F124+F133+F145 -> 164762.88 | G59: =G60+G76+G80+G91+G102+G98+G106+G110+G117+G124+G133+G145 -> 64593.974
A60: 0 | B60: Другие общегосударственные вопросы | C60: 113 | D60: 0 | E60: 0 | F60: =F61+F68 -> 35810.683 | G60: =G61+G68 -> 0
A61: 0 | B61: Муниципальная программа "Управление имуществом муниципального района Клявлинский на 2019-2027 годы" | C61: 113 | D61: 0200000000 | E61: 0 | F61: =F62+F64+F66 -> 5748.366 | G61: 0
A62: 0 | B62: Расходы на выплаты персоналу в целях обеспечения выполнения функций государственными (муниципальными) органами, казенными учреждениями, органами управления государственными внебюджетными фондами | C62: 113 | D62: 0200000000 | E62: 100 | F62: =F63 -> 3479.492 | G62: 0
A63: 0 | B63: Расходы на выплаты персоналу государственных (муниципальных) органов | C63: 113 | D63: 0200000000 | E63: 120 | F63: 3479.492 | G63: 0
A64: 0 | B64: Закупка товаров, работ и услуг для обеспечения государственных (муниципальных) нужд | C64: 113 | D64: 0200000000 | E64: 200 | F64: =F65 -> 1630.586 | G64: 0
A65: 0 | B65: Иные закупки товаров, работ и услуг для обеспечения государственных (муниципальных) нужд | C65: 113 | D65: 0200000000 | E65: 240 | F65: 1630.586 | G65: 0
A66: 0 | B66: Иные бюджетные ассигнования | C66: 113 | D66: 0200000000 | E66: 800 | F66: =F67 -> 638.288 | G66: 0
A67: 0 | B67: Уплата налогов, сборов и иных платежей | C67: 113 | D67: 0200000000 | E67: 850 | F67: 638.288 | G67: 0
A68: 0 | B68: Муниципальная программа "Снижение административных барьеров, повышение качества предоставления государственных и муниципальных услуг" на базе "Многофункционального центра предоставления государственных и муниципальных услуг" муниципального района Клявлинский Самарской области на 2012-2027 годы" | C68: 113 | D68: 0400000000 | E68: 0 | F68: =F69 -> 30062.317 | G68: =G69 -> 0
A69: 0 | B69: Предоставление субсидий бюджетным, автономным учреждениям и иным некоммерческим организациям | C69: 113 | D69: 0400000000 | E69: 600 | F69: =F70 -> 30062.317 | G69: =G70 -> 0
A70: 0 | B70: Субсидии автономным учреждениям | C70: 113 | D70: 0400000000 | E70: 620 | F70: 30062.317
B71: Непрограммные направления расходов местного бюджета | C71: 113 | D71: 9000000000 | F71: =F72 -> 0
B72: Закупка товаров, работ и услуг для муниципальных нужд | C72: 113 | D72: 9000020000 | F72: =F73 -> 0
B73: Реализация функций управления муниципальным образованием общего значения | C73: 113 | D73: 9000022000 | F73: =F74 -> 0
B74: Закупка товаров, работ и услуг для обеспечения государственных (муниципальных) нужд | C74: 113 | D74: 9000022000 | E74: 200 | F74: =F75 -> 0
B75: Иные закупки товаров, работ и услуг для обеспечения государственных (муниципальных) нужд | C75: 113 | D75: 9000022000 | E75: 240
A76: 0 | B76: Дорожное хозяйство (дорожные фонды) | C76: 409 | D76: 0 | E76: 0 | F76: =F77 -> 2420.495 | G76: 0
A77: 0 | B77: Муниципальная программа "Модернизация и развитие автомобильных дорог общего пользования местного значения вне границ населенных пунктов в границах муниципального района Клявлинский Самарской области на 2014-2027 годы" | C77: 409 | D77: 1100000000 | E77: 0 | F77: =F78 -> 2420.495 | G77: 0
A78: 0 | B78: Закупка товаров, работ и услуг для обеспечения государственных (муниципальных) нужд | C78: 409 | D78: 1100000000 | E78: 200 | F78: =F79 -> 2420.495 | G78: 0
A79: 0 | B79: Иные закупки товаров, работ и услуг для обеспечения государственных (муниципальных) нужд | C79: 409 | D79: 1100000000 | E79: 240 | F79: 2420.495 | G79: 0
A80: 0 | B80: Другие вопросы в области национальной экономики | C80: 412 | D80: 0 | E80: 0 | F80: =F84+F87+F81 -> 250 | G80: =G84+G87+G81 -> 239.88
B81: Муниципальная программа "Управление имуществом муниципального района Клявлинский на 2019-2027 годы" | C81: 412 | D81: 0200000000 | F81: =F82 -> 250 | G81: =G82 -> 239.88
B82: Закупка товаров, работ и услуг для обеспечения государственных (муниципальных) нужд | C82: 412 | D82: 0200000000 | E82: 200 | F82: =F83 -> 250 | G82: =G83 -> 239.88
B83: Иные закупки товаров, работ и услуг для обеспечения государственных (муниципальных) нужд | C83: 412 | D83: 0200000000 | E83: 240 | F83: 250 | G83: 239.88
B84: Муниципальная программа "Поддержка и развитие малого и среднего предпринимательства на территории муниципального района Клявлинский Самарской области" на 2023 - 2027 годы | C84: 412 | D84: 1700000000 | F84: =F85 -> 0
B85: Предоставление субсидий бюджетным, автономным учреждениям и иным некоммерческим организациям | C85: 412 | D85: 1700000000 | E85: 600 | F85: =F86 -> 0
B86: Субсидии некоммерческим организациям (за исключением государственных (муниципальных) учреждений, государственных корпораций (компаний), публично-правовых компаний) | C86: 412 | D86: 1700000000 | E86: 630 | F86: 0
B87: Непрограммные направления расходов местного бюджета | C87: 412 | D87: 9000000000 | F87: =F88 -> 0 | G87: =G88 -> 0
B88: Непрограммные направления местного бюджета в области национальной экономики | C88: 412 | D88: 9040000000 | F88: =F89 -> 0 | G88: =G89 -> 0
B89: Закупка товаров, работ и услуг для обеспечения государственных (муниципальных) нужд | C89: 412 | D89: 9040000000 | E89: 200 | F89: =F90 -> 0 | G89: =G90 -> 0
B90: Иные закупки товаров, работ и услуг для обеспечения государственных (муниципальных) нужд | C90: 412 | D90: 9040000000 | E90: 240 | F90: 0 | G90: 0
A91: 0 | B91: Жилищное хозяйство | C91: 501 | D91: 0 | E91: 0 | F91: =F92 -> 415.947 | G91: =G92 -> 0
A92: 0 | B92: Муниципальная программа "Управление имуществом муниципального района Клявлинский на 2019-2027 годы" | C92: 501 | D92: 0200000000 | E92: 0 | F92: =F96 -> 415.947 | G92: 0
A93: 0 | B93: Непрограммные направления расходов местного бюджета | C93: 501 | D93: 9000000000 | E93: 0 | F93: 0 | G93: 0
A94: 0 | B94: Непрограммные направления расходов местного бюджета | C94: 501 | D94: 9000000000 | E94: 0 | F94: 0 | G94: 0
A95: 0 | B95: Взносы на обеспечение мероприятий по капитальному ремонту многоквартирных домов | C95: 501 | D95: 9000000000 | E95: 0 | F95: 0 | G95: 0
A96: 0 | B96: Закупка товаров, работ и услуг для обеспечения государственных (муниципальных) нужд | C96: 501 | D96: 0200000000 | E96: 200 | F96: =F97 -> 415.947 | G96: 0
A97: 0 | B97: Иные закупки товаров, работ и услуг для обеспечения государственных (муниципальных) нужд | C97: 501 | D97: 0200000000 | E97: 240 | F97: 415.947
B98: Благоустройство | C98: 503 | F98: =F99 -> 3923.148 | G98: =G99 -> 0
B99: Муниципальная программа "Формирование комфортной городской среды на территории муниципального района Клявлинский Самарской области на 2018-2030 годы" | C99: 503 | D99: 4000000000 | F99: =F100 -> 3923.148 | G99: =G100 -> 0
B100: Закупка товаров, работ и услуг для обеспечения государственных (муниципальных) нужд | C100: 503 | D100: 4000000000 | E100: 200 | F100: =F101 -> 3923.148 | G100: =G101 -> 0
B101: Иные закупки товаров, работ и услуг для обеспечения государственных (муниципальных) нужд | C101: 503 | D101: 4000000000 | E101: 240 | F101: 3923.148
B102: Другие вопросы в области охраны окружающей среды | C102: 605 | F102: =F103 -> 25498.021 | G102: =G103 -> 24151.666
B103: Муниципальная программа "Управление имуществом муниципального района Клявлинский на 2019-2027 годы" | C103: 605 | D103: 200000000 | F103: =F104 -> 25498.021 | G103: =G104 -> 24151.666
B104: Закупка товаров, работ и услуг для обеспечения государственных (муниципальных) нужд | C104: 605 | D104: 200000000 | E104: 200 | F104: =F105 -> 25498.021 | G104: =G105 -> 24151.666
...

Sheet Функц
A1: 9) Приложение 15 к Решению изложить в следующей редакции:
D2: "Приложение 15
D3: к решению Собрания представителей
D4: муниципального района Клявлинский Самарской области
D5: "О бюджете муниципального района Клявлинский Самарской области
D6: на 2025 год и плановый период 2026 и 2027 годов"
A8: КВР | B8: ЕСЛИ(C7=0;ЕСЛИ(B7=0;ИНДЕКС(ФКР!B$1:B$113;ПОИСКПОЗ(ЛЕВСИМВ(ЗНАЧЕН(A7);4);ЛЕВСИМВ(ЗНАЧЕН(ФКР!A$1:A$113);4);0));ИНДЕКС(КЦСР!B$1:B$1024;ПОИСКПОЗ(ЛЕВСИМВ(ЗНАЧЕН(B7);7);ЛЕВСИМВ(ЗНАЧЕН(КЦСР!A$1:A$1024);7);0)));ИНДЕКС(КВР!B$1:B$150;ПОИСКПОЗ(ЛЕВСИМВ(ЗНАЧЕН(C7);3);ЛЕВСИМВ(ЗНАЧЕН(КВР!A$1:A$150);3);0))) | C8: 0 | D8: 0
A9: Распределение бюджетных ассигнований по разделам, подразделам классификации расходов бюджетов муниципального района Клявлинский Самарской области на 2025 год
A11: Рз Пр | B11: Наименование раздела, подраздела расходов | C11: Сумма, тыс. руб.
C13: Всего | D13: в том числе за счет безвозмезд-ных поступлений имеющие целевое назначение из вышестоящих бюджетов
A14: 0100 | B14: ОБЩЕГОСУДАРСТВЕННЫЕ ВОПРОСЫ | C14: =C15+C16+C17+C18+C20+C21 -> 97077.884 | D14: =D15+D16+D17+D18+D20+D21 -> 5872.481
A15: 102 | B15: Функционирование высшего должностного лица субъекта Российской Федерации и муниципального образования | C15: =Ведом!F158 -> 3266.257 | D15: =Ведом!G158 -> 0
A16: 104 | B16: Функционирование Правительства Российской Федерации, высших исполнительных органов государственной власти субъектов Российской Федерации, местных администраций | C16: =Ведом!F162+Ведом!F16 -> 22083.572 | D16: =Ведом!G16+Ведом!G162 -> 1018.386
A17: 105 | B17: Судебная система | C17: =Ведом!F187 -> 5.597 | D17: =Ведом!G187 -> 5.597
A18: 106 | B18: Обеспечение деятельности финансовых, налоговых и таможенных органов и органов финансового (финансово-бюджетного) надзора | C18: =Ведом!F26+Ведом!F361 -> 17857.004 | D18: =Ведом!G26 -> 0
A19: 107 | B19: Обеспечение проведения выборов и референдумов
A20: 111 | B20: Резервные фонды | C20: =Ведом!F192 -> 100 | D20: =Ведом!G192 -> 0
A21: 113 | B21: Другие общегосударственные вопросы | C21: =Ведом!F60+Ведом!F200+Ведом!F34 -> 53765.454 | D21: =Ведом!G60+Ведом!G200+Ведом!G34 -> 4848.498
A22: 113 | B22: Непрограммные направления расходов местного бюджета | C22: =C23+C27 -> 0 | D22: =D23+D27 -> 0
A23: 113 | B23: Закупка товаров, работ и услуг для муниципальных нужд | C23: =C24 -> 0
A24: 113 | B24: Реализация функций управления муниципальным образованием общего значения | C24: =C25 -> 0
A25: 113 | B25: Закупка товаров, работ и услуг для обеспечения государственных (муниципальных) нужд | C25: =C26 -> 0
A26: 113 | B26: Иные закупки товаров, работ и услуг для обеспечения государственных (муниципальных) нужд | C26: =Ведом!F75+Ведом!F239 -> 0
A27: 113 | B27: Иные направления расходов | C27: =C28 -> 0 | D27: =D28 -> 0
A28: 113 | B28: Иные бюджетные ассигнования | C28: =C29 -> 0 | D28: =D29 -> 0
A29: 113 | B29: Исполнение судебных актов | C29: =Ведом!F235 -> 0
A30: 0400 | B30: НАЦИОНАЛЬНАЯ ЭКОНОМИКА | C30: =C31+C32+C33+C34 -> 20791.775 | D30: =D31+D32+D33+D34 -> 10032.392
A31: 405 | B31: Сельское хозяйство и рыболовство | C31: =Ведом!F246 -> 13864.248 | D31: =Ведом!G246 -> 9792.512
A32: 408 | B32: Транспорт | C32: =Ведом!F281 -> 4212.032 | D32: =Ведом!G281 -> 0
A33: 409 | B33: Дорожное хозяйство (дорожные фонды) | C33: =Ведом!F76 -> 2420.495 | D33: =Ведом!G76 -> 0
A34: 412 | B34: Другие вопросы в области национальной экономики | C34: =Ведом!F80+Ведом!F295 -> 295 | D34: =Ведом!G80+Ведом!G295 -> 239.88
A35: 0500 | B35: ЖИЛИЩНО-КОММУНАЛЬНОЕ ХОЗЯЙСТВО | C35: =C36+C37+C38+C39 -> 12866.9 | D35: =D36+D37+D38+D39 -> 8000
A36: 501 | B36: Жилищное хозяйство | C36: =Ведом!F91 -> 415.947 | D36: 0
A37: 502 | B37: Коммунальное хозяйство
A38: 503 | B38: Благоустройство | C38: =Ведом!F101 -> 3923.148 | D38: =Ведом!G101 -> 0
A39: 505 | B39: Другие вопросы в области жилищно-коммунального хозяйства | C39: =Ведом!F305 -> 8527.805 | D39: =Ведом!G305 -> 8000
A40: 600 | B40: Охрана окружающей среды | C40: =C41 -> 25498.021 | D40: =D41 -> 24151.666
A41: 605 | B41: Другие вопросы в области охраны окружающей среды | C41: =Ведом!F102 -> 25498.021 | D41: =Ведом!G102 -> 24151.666
A42: 0700 | B42: ОБРАЗОВАНИЕ | C42: =C43+C51+C52+C53 -> 82686.706 | D42: =D43+D51+D52+D53 -> 23948.997
A43: 701 | B43: Дошкольное образование | C43: =Ведом!F306 -> 8090.934 | D43: =Ведом!G306 -> 0
A44: 701 | B44: Расходы местного бюджета, источником финансового обеспечения которых являются субсидии из областного бюджета, а также расходы местных бюджетов, в целях софинансирования которых из областного бюджета предоставляются местным бюджетам субсидии | C44: =C45 -> #REF! | D44: =D45 -> #REF!
A45: 701 | B45: Субсидии местным бюджетам для софинансирования расходных обязательств по вопросам местного значения, предоставляемых с учетом выполнения показателей социально-экономического развития (стимулирующие субсидии) | C45: =C48 -> #REF! | D45: =D48 -> #REF!
A46: 701 | B46: Субсидии местным бюджетам для софинансирования расходных обязательств по вопросам местного значения, предоставляемых с учетом выполнения показателей социально-экономического развития (стимулирующие субсидии) | C46: 0 | D46: 0
A47: 701 | B47: Субсидии местным бюджетам для софинансирования расходных обязательств по вопросам местного значения, предоставляемых с учетом выполнения показателей социально-экономического развития (стимулирующие субсидии) | C47: 0 | D47: 0
A48: 701 | B48: Расходы местного бюджета за счет стимулирующих субсидий, направленные на обеспечение организации образовательного процесса в сфере образования | C48: =C49 -> #REF! | D48: =D49 -> #REF!
A49: 701 | B49: Предоставление субсидий бюджетным, автономным учреждениям и иным некоммерческим организациям | C49: =C50 -> #REF! | D49: =D50 -> #REF!
A50: 701 | B50: Субсидии автономным учреждениям | C50: =Ведом!#REF! -> #REF! | D50: =Ведом!#REF! -> #REF!
A51: 702 | B51: Общее образование | C51: =Ведом!F41+Ведом!F321 -> 40868.769 | D51: =Ведом!G41+Ведом!G321 -> 0
A52: 707 | B52: Молодежная политика | C52: =Ведом!F106+Ведом!F328 -> 6166.15 | D52: =Ведом!G106+Ведом!G328 -> 2382.257
A53: 709 | B53: Другие вопросы в области образования | C53: =Ведом!F339 -> 27560.853 | D53: =Ведом!G339 -> 21566.74
A54: 0800 | B54: КУЛЬТУРА, КИНЕМАТОГРАФИЯ | C54: =C55 -> 46848.778 | D54: =D55 -> 0
A55: 801 | B55: Культура | C55: =Ведом!F110+Ведом!F334 -> 46848.778 | D55: =Ведом!G110+Ведом!G334 -> 0
A56: 1000 | B56: СОЦИАЛЬНАЯ ПОЛИТИКА | C56: =C57+C58+C59+C87 -> 50254.012 | D56: =D57+D58+D59+D87 -> 46688.257
A57: 1001 | B57: Пенсионное обеспечение | C57: =Ведом!F343 -> 3041.544 | D57: 0
A58: 1003 | B58: Социальное обеспечение населения | C58: =Ведом!F117 -> 0 | D58: =Ведом!G117 -> 0
A59: 1004 | B59: Охрана семьи и детства | C59: =Ведом!F124+Ведом!F347 -> 47162.468 | D59: =Ведом!G124+Ведом!G347 -> 46688.257
A60: 1004 | B60: Непрограммные направления расходов местного бюджета | C60: 0 | D60: 0
A61: 1004 | B61: Непрограммные направления расходов местного бюджета | C61: 0 | D61: 0
A62: 1004 | B62: Непрограммные направления расходов местного бюджета | C62: 0 | D62: 0
A63: 1004 | B63: Субвенции федерального бюджета | C63: 0 | D63: 0
A64: 1004 | B64: Субвенции федерального бюджета | C64: 0 | D64: 0
A65: 1004 | B65: Субвенции федерального бюджета | C65: 0 | D65: 0
A66: 1004 | B66: Предоставление жилых помещений детям-сиротам и детям, оставшимся без попечения родителей, лицам из их числа по договорам найма специализированных жилых помещений | C66: 0 | D66: 0
A67: 1004 | B67: Предоставление жилых помещений детям-сиротам и детям, оставшимся без попечения родителей, лицам из их числа по договорам найма специализированных жилых помещений | C67: 0 | D67: 0
A68: 1004 | B68: Капитальные вложения в объекты государственной (муниципальной) собственности | C68: 0 | D68: 0
A69: 1004 | B69: Бюджетные инвестиции | C69: 0 | D69: 0
A70: 1004 | B70: Предоставление межбюджетных трансфертов, а также расходование средств резервных фондов | C70: 0 | D70: 0
A71: 1004 | B71: Субвенции местным бюджетам | C71: 0 | D71: 0
... A76: 1004 | B76: Бюджетные инвестиции | C76: 0 | D76: 0
A77: 1004 | B77: Непрограммные направления расходов местного бюджета | C77: =C78 -> #REF! | D77: =D78 -> #REF!
A78: 1004 | B78: Расходы местного бюджета, в том числе за счет средств, поступающих из областного бюджета, а также расходование средств резервных фондов | C78: =C79+C83 -> #REF! | D78: =D79+D83 -> #REF!
A79: 1004 | B79: Иные межбюджетные трансферты местным бюджетам из областного бюджета | C79: =C80 -> #REF! | D79: =D80 -> #REF!
A80: 1004 | B80: Иные межбюджетные трансферты из областного бюджета местным бюджетам на исполнение органами местного смоуправления Сам. обл. актов гос.органов по обеспечению жилыми помещениями детей-сирот и детей ,оставшихся без попечения родителей | C80: =C81 -> #REF! | D80: =D81 -> #REF!
A81: 1004 | B81: Капитальные вложения в объекты недвижимого имущества государственной (муниципальной) собственности | C81: =C82 -> #REF! | D81: =D82 -> #REF!
A82: 1004 | B82: Бюджетные инвестиции | C82: =Ведом!#REF! -> #REF! | D82: =Ведом!#REF! -> #REF!
A83: 1004 | B83: Расходы местного бюджета, за счет средств областного бюджета, в том числе расходов на предоставление межбюджетных трансфертов местным бюджетам, в целях софинансирования которых областному бюджету предоставляются субсидии из федерального бюджета | C83: =C84 -> #REF! | D83: =D84 -> #REF!
A84: 1004 | B84: Предоставление жилых помещений детям-сиротам и детям, оставшимся без попечения родителей, лицам из их числа по договорам найма специализированных жилых помещений | C84: =C85 -> #REF! | D84: =D85 -> #REF!
A85: 1004 | B85: Капитальные вложения в объекты недвижимого имущества государственной (муниципальной) собственности | C85: =C86 -> #REF! | D85: =D86 -> #REF!
A86: 1004 | B86: Бюджетные инвестиции | C86: =Ведом!#REF! -> #REF! | D86: =Ведом!#REF! -> #REF!
A87: =Ведом!C133 -> 1006 | B87: Другие вопросы в области социальной политики | C87: =Ведом!F133 -> 50 | D87: =Ведом!G133 -> 0
A88: 1006 | B88: Расходы местных бюджетов, в том числе осуществляемые за счет средств, поступающих из областного бюджета, а также расходование средств резервных фондов | C88: =C89 -> #REF! | D88: =D89 -> #REF!
A89: 1006 | B89: Предоставление субсидий городским округам и муниципальным районам Самарской области на поддержку муниципальных программ развития СОНКО | C89: =C90 -> #REF! | D89: =D90 -> #REF!
A90: 1006 | B90: =Ведом!B139 -> Предоставление субсидий бюджетным, автономным учреждениям и иным некоммерческим организациям | C90: =#REF! -> #REF! | D90: =#REF! -> #REF!
A91: 1100 | B91: ФИЗИЧЕСКАЯ КУЛЬТУРА И СПОРТ | C91: =C92 -> 5285.28 | D91: =D92 -> 0
A92: 1101 | B92: Физическая культура | C92: =Ведом!F145 -> 5285.28 | D92: =Ведом!G145 -> 0
A93: 1200 | B93: СРЕДСТВА МАССОВОЙ ИНФОРМАЦИИ | C93: =C94 -> 2813.094 | D93: 0
A94: 1202 | B94: Периодическая печать и издательства | C94: =Ведом!F356 -> 2813.094 | D94: =Ведом!G356 -> 0
A95: 1300 | B95: ОБСЛУЖИВАНИЕ ГОСУДАРСТВЕННОГО (МУНИЦИПАЛЬНОГО) ДОЛГА | C95: =C96 -> 3296.213 | D95: 0
A96: 1301 | B96: Обслуживание государственного (муниципального) внутреннего долга | C96: =Ведом!F47 -> 3296.213 | D96: 0
A97: 1400 | B97: МЕЖБЮДЖЕТНЫЕ ТРАНСФЕРТЫ ОБЩЕГО ХАРАКТЕРА БЮДЖЕТАМ БЮДЖЕТНОЙ СИСТЕМЫ РОССИЙСКОЙ ФЕДЕРАЦИИ | C97: =C98+C99 -> 38436.444 | D97: =D98+D99 -> 384
A98: 1401 | B98: Дотации на выравнивание бюджетной обеспеченности субъектов Российской Федерации и муниципальных образований | C98: =Ведом!F51 -> 24909 | D98: =Ведом!G51 -> 384
A99: 1403 | B99: Прочие межбюджетные трансферты общего характера | C99: =Ведом!F55 -> 13527.444 | D99: =Ведом!G55 -> 0
A100: ИТОГО | C100: =C14+C30+C35+C40+C42+C54+C56+C91+C93+C95+C97 -> 385855.11 | D100: =D14+D30+D35+D40+D42+D54+D56+D91+D93+D95+D97 -> 119077.79 | E100: "
A101: 0 | B101: Неуказанная функциональная статья | C101: 0 | D101: 0
A102: 0 | B102: Неуказанная функциональная статья | C102: 0 | D102: 0
A103: 0 | B103: Неуказанная функциональная статья | C103: 0 | D103: 0
A104: 0 | B104: Неуказанная функциональная статья | C104: 0 | D104: 0
A105: 0 | B105: Неуказанная функциональная статья | C105: 0 | D105: 0
A106: 0 | B106: Неуказанная функциональная статья | C106: 0 | D106: 0
A107: 0 | B107: Неуказанная функциональная статья | C107: 0 | D107: 0
...

Sheet ЦСР
A2: 6) Приложение 6 к Решению изложить в следующей редакции:
E3: "Приложение 6
E4: к решению Собрания представителей
E5: муниципального района Клявлинский Самарской области
E6: "О бюджете муниципального района Клявлинский Самарской области
E7: на 2025 год и плановый период 2026 и 2027 годов"
A9: Распределение бюджетных ассигнований по целевым статьям (муниципальным программам и непрограммным направлениям деятельности), группам (группам и подгруппам) видов расходов классификации расходов бюджета муниципального района Клявлинский Самарской области на 2025 год.
A11: Наименование | B11: ЦСР | C11: ВР | D11: Сумма, тыс. руб.
D12: Всего | E12: в том числе за счет безвозмезд-ных поступлений имеющие целевое назначение из вышестоящих бюджетов
A13: Муниципальная программа "Управление муниципальными финансами и развитие межбюджетных отношений на 2018-2027 годы" | B13: =Ведом!D17 -> 0100000000 | D13: =D14+D16+D23+D18+D21 -> 58883.706 | E13: =E14+E16+E23+E18+E21 -> 384
A14: Расходы на выплаты персоналу в целях обеспечения выполнения функций государственными (муниципальными) органами, казенными учреждениями, органами управления государственными внебюджетными фондами | B14: 0100000000 | C14: 100 | D14: =D15 -> 16616.427 | E14: =E15 -> 0
A15: Расходы на выплаты персоналу государственных (муниципальных) органов | B15: 0100000000 | C15: 120 | D15: =Ведом!F19+Ведом!F29 -> 16616.427 | E15: =Ведом!G19+Ведом!G29 -> 0
A16: Закупка товаров, работ и услуг для обеспечения государственных (муниципальных) нужд | B16: 0100000000 | C16: 200 | D16: =D17 -> 534.622 | E16: =E17 -> 0
A17: Иные закупки товаров, работ и услуг для обеспечения государственных (муниципальных) нужд | B17: 0100000000 | C17: 240 | D17: =Ведом!F21+Ведом!F31+Ведом!F37 -> 534.622 | E17: =Ведом!G21+Ведом!G31+Ведом!G37 -> 0
A18: Межбюджетные трансферты | B18: 0100000000 | C18: 500 | D18: =D19+D20 -> 38436.444 | E18: =E19+E20 -> 384
A19: Дотации | B19: 0100000000 | C19: 510 | D19: =Ведом!F54 -> 24909 | E19: =Ведом!G54+Ведом!G58 -> 384
A20: Иные межбюджетные трансферты | B20: 0100000000 | C20: 540 | D20: =Ведом!F46+Ведом!F58 -> 13527.444 | E20: =Ведом!G46 -> 0
A21: Обслуживание государственного (муниципального) долга | B21: 0100000000 | C21: 700 | D21: =D22 -> 3296.213 | E21: =E22 -> 0
A22: Обслуживание муниципального долга | B22: 0100000000 | C22: 730 | D22: =Ведом!F50 -> 3296.213 | E22: =Ведом!G50 -> 0
A23: Иные бюджетные ассигнования | B23: 0100000000 | C23: 800 | D23: =D24 -> 0 | E23: =E24 -> 0
A24: Уплата налогов, сборов и иных платежей | B24: 0100000000 | C24: 850 | D24: =Ведом!F33 -> 0 | E24: =Ведом!G33 -> 0
A25: Муниципальная программа "Управление имуществом муниципального района Клявлинский на 2019-2027 годы" | B25: =Ведом!D61 -> 0200000000 | D25: =D26+D28+D32+D34+D30 -> 70855.877 | E25: =E26+E28+E32+E34+E30 -> 63335.089
A26: Расходы на выплаты персоналу в целях обеспечения выполнения функций государственными (муниципальными) органами, казенными учреждениями, органами управления государственными внебюджетными фондами | B26: 0200000000 | C26: 100 | D26: =D27 -> 3479.492 | E26: =E27 -> 0
A27: Расходы на выплаты персоналу государственных (муниципальных) органов | B27: 0200000000 | C27: 120 | D27: =Ведом!F63 -> 3479.492 | E27: =Ведом!G63 -> 0
A28: Закупка товаров, работ и услуг для обеспечения государственных (муниципальных) нужд | B28: 0200000000 | C28: 200 | D28: =D29 -> 27794.554 | E28: =E29 -> 24391.546
A29: Иные закупки товаров, работ и услуг для обеспечения государственных (муниципальных) нужд | B29: 0200000000 | C29: 240 | D29: =Ведом!F65+Ведом!F97+Ведом!F83+Ведом!F105 -> 27794.554 | E29: =Ведом!G65+Ведом!G97+Ведом!G83+Ведом!G105 -> 24391.546
A30: Социальное обеспечение и иные выплаты населению | B30: 0200000000 | C30: 300 | D30: =D31 -> 5382.015 | E30: =E31 -> 5382.015
A31: Социальные выплаты гражданам, кроме публичных нормативных социальных выплат | B31: 0200000000 | C31: 320 | D31: =Ведом!F130 -> 5382.015 | E31: =Ведом!G130 -> 5382.015
A32: Капитальные вложения в объекты государственной (муниципальной) собственности | B32: 0200000000 | C32: 400 | D32: =D33 -> 33561.528 | E32: =E33 -> 33561.528
A33: Бюджетные инвестиции | B33: 0200000000 | C33: 410 | D33: =Ведом!F132 -> 33561.528 | E33: =Ведом!G132 -> 33561.528
A34: Иные бюджетные ассигнования | B34: 0200000000 | C34: 800 | D34: =D35 -> 638.288 | E34: =E35 -> 0
A35: Уплата налогов, сборов и иных платежей | B35: 0200000000 | C35: 850 | D35: =Ведом!F67 -> 638.288 | E35: =Ведом!G67 -> 0
A36: Муниципальная программа "Развитие сельского хозяйства и регулирования рынков сельскохозяйственной продукции, сырья и продовольствия в муниципальном районе Клявлинский на 2019-2027 годы" | B36: =Ведом!D247 -> 0300000000 | D36: =D37+D39+D41 -> 13864.248 | E36: =E37+E39+E41 -> 9792.512
A37: Расходы на выплаты персоналу в целях обеспечения выполнения функций государственными (муниципальными) органами, казенными учреждениями, органами управления государственными внебюджетными фондами | B37: 0300000000 | C37: 100 | D37: =D38 -> 8339.355 | E37: =E38 -> 4437.125
A38: Расходы на выплаты персоналу государственных (муниципальных) органов | B38: 0300000000 | C38: 120 | D38: =Ведом!F254 -> 8339.355 | E38: =Ведом!G254 -> 4437.125
A39: Закупка товаров, работ и услуг для обеспечения государственных (муниципальных) нужд | B39: 0300000000 | C39: 200 | D39: =D40 -> 756.559 | E39: =E40 -> 587.053
A40: Иные закупки товаров, работ и услуг для обеспечения государственных (муниципальных) нужд | B40: 0300000000 | C40: 240 | D40: =Ведом!F256 -> 756.559 | E40: =Ведом!G256 -> 587.053
A41: Иные бюджетные ассигнования | B41: 0300000000 | C41: 800 | D41: =D42 -> 4768.334 | E41: =E42 -> 4768.334
A42: Субсидии юридическим лицам (кроме некоммерческих организаций), индивидуальным предпринимателям, физическим лицам - производителям товаров, работ, услуг | B42: 0300000000 | C42: 810 | D42: =Ведом!F271 -> 4768.334 | E42: =Ведом!G271 -> 4768.334
A43: Муниципальная программа "Снижение административных барьеров, повышение качества предоставления государственных и муниципальных услуг" на базе "Многофункционального центра предоставления государственных и муниципальных услуг" муниципального района Клявлинский Самарской области на 2012-2027 годы" | B43: =Ведом!D68 -> 0400000000 | D43: =D44 -> 30062.317 | E43: =E44 -> 0
A44: Предоставление субсидий бюджетным, автономным учреждениям и иным некоммерческим организациям | B44: 0400000000 | C44: 600 | D44: =D45 -> 30062.317 | E44: =E45 -> 0
A45: Субсидии автономным учреждениям | B45: 0400000000 | C45: 620 | D45: =Ведом!F70 -> 30062.317 | E45: =Ведом!G70 -> 0
A46: Муниципальная программа "Развитие культуры, молодежной политики и спорта муниципального района Клявлинский до 2027 года" | B46: =Ведом!D107 -> 0500000000 | D46: =D47 -> 49484.461 | E46: =E47 -> 397.811
A47: Предоставление субсидий бюджетным, автономным учреждениям и иным некоммерческим организациям | B47: 0500000000 | C47: 600 | D47: =D48 -> 49484.461 | E47: =E48 -> 397.811
A48: Субсидии автономным учреждениям | B48: 0500000000 | C48: 620 | D48: =Ведом!F109+Ведом!F113+Ведом!F153+Ведом!F330 -> 49484.461 | E48: =Ведом!G109+Ведом!G113+Ведом!G153+Ведом!G330 -> 397.811
A49: Муниципальная программа "Обеспечение организации образовательного процесса в общеобразовательных учреждениях, расположенных на территории муниципального района Клявлинский Самарской области" на 2013-2027 годы | B49: =Ведом!D322 -> 0600000000 | D49: =D50 -> 78435.663 | E49: =E50 -> 23551.186
A50: Предоставление субсидий бюджетным, автономным учреждениям и иным некоммерческим организациям | B50: 0600000000 | C50: 600 | D50: =D51 -> 78435.663 | E50: =E51 -> 23551.186
A51: Субсидии автономным учреждениям | B51: 0600000000 | C51: 620 | D51: =Ведом!F314+Ведом!F324+Ведом!F331+Ведом!F342 -> 78435.663 | E51: =Ведом!G314+Ведом!G324+Ведом!G331+Ведом!G342 -> 23551.186
A52: Муниципальная программа "Поддержка и развитие районной газеты "Знамя Родины" на 2014-2027 годы" | B52: =Ведом!D357 -> 0700000000 | D52: =D53 -> 2813.094 | E52: =E53 -> 0
A53: Предоставление субсидий бюджетным, автономным учреждениям и иным некоммерческим организациям | B53: 0700000000 | C53: 600 | D53: =D54 -> 2813.094 | E53: =E54 -> 0
A54: Субсидии автономным учреждениям | B54: 0700000000 | C54: 620 | D54: =Ведом!F359 -> 2813.094 | E54: =Ведом!G359 -> 0
A55: Муниципальная программа "Развитие муниципального пассажирского транспорта и транспортной инфраструктуры в муниципальном районе Клявлинский на 2013-2027 годы" | B55: =Ведом!D282 -> 0800000000 | D55: =D56 -> 4212.032 | E55: =E56 -> 0
A56: Предоставление субсидий бюджетным, автономным учреждениям и иным некоммерческим организациям | B56: 0800000000 | C56: 600 | D56: =D57 -> 4212.032 | E56: =E57 -> 0
A57: Субсидии бюджетным учреждениям | B57: 0800000000 | C57: 610 | D57: =Ведом!F294 -> 4212.032 | E57: =Ведом!G294 -> 0
A58: Капитальные вложения в объекты недвижимого имущества государственной (муниципальной) собственности | B58: 4400000000 | C58: 400 | D58: =D59 -> #REF! | E58: =E59 -> #REF!
A59: Бюджетные инвестиции | B59: 4400000000 | C59: 410 | D59: =Ведом!#REF! -> #REF! | E59: =Ведом!#REF! -> #REF!
A60: Муниципальная программа "Молодой семье - доступное жилье на территории муниципального района Клявлинский Самарской области" на 2024 - 2028 годы | B60: =Ведом!D125 -> 1000000000 | D60: =D61 -> 1335.285 | E60: =E61 -> 861.074
A61: Социальное обеспечение и иные выплаты населению | B61: 1000000000 | C61: 300 | D61: =D62 -> 1335.285 | E61: =E62 -> 861.074
A62: Социальные выплаты гражданам, кроме публичных нормативных социальных выплат | B62: 1000000000 | C62: 320 | D62: =Ведом!F127 -> 1335.285 | E62: =Ведом!G127 -> 861.074
A63: Муниципальная программа "Модернизация и развитие автомобильных дорог общего пользования местного значения вне границ населенных пунктов в границах муниципального района Клявлинский Самарской области на 2014-2027 годы" | B63: =Ведом!D77 -> 1100000000 | D63: =D64 -> 2420.495 | E63: =E64 -> 0
A64: Закупка товаров, работ и услуг для обеспечения государственных (муниципальных) нужд | B64: 1100000000 | C64: 200 | D64: =D65 -> 2420.495 | E64: =E65 -> 0
A65: Иные закупки товаров, работ и услуг для обеспечения государственных (муниципальных) нужд | B65: 1100000000 | C65: 240 | D65: =Ведом!F79 -> 2420.495 | E65: =Ведом!G79 -> 0
A66: Муниципальная программа "Природоохранные мероприятия на территории муниципального района Клявлинский на 2023-2027 гг." | B66: =Ведом!D163 -> 1200000000 | D66: =D67+D69+D71 -> 386.943 | E66: =E67+E69+E71 -> 365.943
A67: Расходы на выплаты персоналу в целях обеспечения выполнения функций государственными (муниципальными) органами, казенными учреждениями, органами управления государственными внебюджетными фондами | B67: 1200000000 | C67: 100 | D67: =D68 -> 343.728 | E67: =E68 -> 343.728
A68: Расходы на выплаты персоналу государственных (муниципальных) органов | B68: 1200000000 | C68: 120 | D68: =Ведом!F165 -> 343.728 | E68: =Ведом!G165 -> 343.728
A69: Закупка товаров, работ и услуг для обеспечения государственных (муниципальных) нужд | B69: 1200000000 | C69: 200 | D69: =D70 -> 22.215 | E69: =E70 -> 22.215
A70: Иные закупки товаров, работ и услуг для обеспечения государственных (муниципальных) нужд | B70: 1200000000 | C70: 240 | D70: =Ведом!F167 -> 22.215 | E70: =Ведом!G167 -> 22.215
A71: Предоставление субсидий бюджетным, автономным учреждениям и иным некоммерческим организациям | B71: 1200000000 | C71: 600 | D71: =D72 -> 21 | E71: =E72 -> 0
A72: Субсидии бюджетным учреждениям | B72: 1200000000 | C72: 610 | D72: =Ведом!F203 -> 21 | E72: =Ведом!G203 -> 0
A73: Муниципальная программа "Защита населения и территории муниципального района Клявлинский от чрезвычайных ситуаций, обеспечение пожарной безопасности и безопасности людей на водных объектах на 2021-2027 годы" | B73: 1300000000 | D73: =D74 -> 100
A74: Иные бюджетные ассигнования | B74: 1300000000 | C74: 800 | D74: =D75 -> 100
A75: Резервные средства | B75: 1300000000 | C75: 870 | D75: =Ведом!F199 -> 100
A76: Муниципальная программа "Управление делами в муниципальном районе Клявлинский на 2017-2027 годы" | B76: =Ведом!D204 -> 1400000000 | D76: =D77+D79+D81 -> 23238.255 | E76: =E77+E79+E81 -> 11732.138
A77: Расходы на выплаты персоналу в целях обеспечения выполнения функций государственными (муниципальными) органами, казенными учреждениями, органами управления государственными внебюджетными фондами | B77: 1400000000 | C77: 100 | D77: =D78 -> 14611.984 | E77: =E78 -> 3992.794
A78: Расходы на выплаты персоналу казенных учреждений | B78: 1400000000 | C78: 110 | D78: =Ведом!F206 -> 14611.984 | E78: =Ведом!G206 -> 3992.794
A79: Закупка товаров, работ и услуг для обеспечения государственных (муниципальных) нужд | B79: 1400000000 | C79: 200 | D79: =D80 -> 8614.013 | E79: =E80 -> 7739.344
A80: Иные закупки товаров, работ и услуг для обеспечения государственных (муниципальных) нужд | B80: 1400000000 | C80: 240 | D80: =Ведом!F208+Ведом!F353 -> 8614.013 | E80: =Ведом!G208+Ведом!G353 -> 7739.344
A81: Иные бюджетные ассигнования | B81: 1400000000 | C81: 800 | D81: =D82 -> 12.258 | E81: =E82 -> 0
A82: Уплата налогов, сборов и иных платежей | B82: 1400000000 | C82: 850 | D82: =Ведом!F210 -> 12.258 | E82: =Ведом!G210 -> 0
A83: Муниципальная программа "Поддержка и развитие малого и среднего предпринимательства на территории муниципального района Клявлинский Самарской области" на 2023 - 2027годы | B83: =Ведом!D84 -> 1700000000 | D83: =D86+D88+D84 -> 663.746 | E83: =E86+E88 -> 0
A84: Расходы на выплаты персоналу в целях обеспечения выполнения функций государственными (муниципальными) органами, казенными учреждениями, органами управления государственными внебюджетными фондами | B84: 1700000000 | C84: 100 | D84: =D85 -> 618.746
A85: Расходы на выплаты персоналу казенных учреждений | B85: 1700000000 | C85: 110 | D85: =Ведом!F213 -> 618.746
A86: Предоставление субсидий бюджетным, автономным учреждениям и иным некоммерческим организациям | B86: 1700000000 | C86: 600 | D86: =D87 -> 0 | E86: =E87 -> 0
A87: Субсидии некоммерческим организациям (за исключением государственных (муниципальных) учреждений, государственных корпораций (компаний), публично-правовых компаний) | B87: 1700000000 | C87: 630 | D87: =Ведом!F86 -> 0 | E87: =Ведом!G86 -> 0
A88: =Ведом!B297 -> Иные бюджетные ассигнования | B88: =Ведом!D297 -> 1700000000 | C88: =Ведом!E297 -> 800 | D88: =D89 -> 45 | E88: =E89 -> 0
A89: =Ведом!B298 -> Субсидии юридическим лицам (кроме некоммерческих организаций), индивидуальным предпринимателям, физическим лицам - производителям товаров, работ, услуг | B89: =Ведом!D298 -> 1700000000 | C89: =Ведом!E298 -> 810 | D89: =Ведом!F298 -> 45 | E89: =Ведом!G298 -> 0
A90: Муниципальная программа "Развитие муниципального управления и эффективная деятельность органов местного самоуправления в муниципальном районе Клявлинский Самарской области на 2024 – 2030 годы" | B90: =Ведом!D159 -> 1800000000 | D90: =D91+D93+D95+D100+D98 -> 26924.198 | E90: =E91+E93+E95+E100+E98 -> 5.597
A91: Расходы на выплаты персоналу в целях обеспечения выполнения функций государственными (муниципальными) органами, казенными учреждениями, органами управления государственными внебюджетными фондами | B91: 1800000000 | C91: 100 | D91: =D92 -> 20941.365 | E91: =E92 -> 0
A92: Расходы на выплаты персоналу государственных (муниципальных) органов | B92: 1800000000 | C92: 120 | D92: =Ведом!F159+Ведом!F175+Ведом!F274 -> 20941.365 | E92: =Ведом!G159+Ведом!G175+Ведом!G274 -> 0
A93: Закупка товаров, работ и услуг для обеспечения государственных (муниципальных) нужд | B93: 1800000000 | C93: 200 | D93: =D94 -> 2742.409 | E93: =E94 -> 0
A94: Иные закупки товаров, работ и услуг для обеспечения государственных (муниципальных) нужд | B94: 1800000000 | C94: 240 | D94: =Ведом!F177+Ведом!F216+Ведом!F301 -> 2742.409 | E94: =Ведом!G177+Ведом!G216+Ведом!G301 -> 0
A95: Социальное обеспечение и иные выплаты населению | B95: 1800000000 | C95: 300 | D95: =D96+D97 -> 3041.544 | E95: =E96+E97 -> 0
A96: Публичные нормативные социальные выплаты гражданам | B96: 1800000000 | C96: 310 | D96: =Ведом!F346 -> 3041.544 | E96: =Ведом!G346 -> 0
A97: Социальные выплаты гражданам, кроме публичных нормативных социальных выплат | B97: 1800000000 | C97: 320 | D97: =Ведом!F179 -> 0 | E97: =Ведом!G179 -> 0
A98: Предоставление субсидий бюджетным, автономным учреждениям и иным некоммерческим организациям | B98: 1800000000 | C98: 600 | D98: =D99 -> 5.597 | E98: =E99 -> 5.597
A99: Субсидии автономным учреждениям | B99: 1800000000 | C99: 620 | D99: =Ведом!F191 -> 5.597 | E99: =Ведом!G191 -> 5.597
A100: Иные бюджетные ассигнования | B100: 1800000000 | C100: 800 | D100: =D101+D102 -> 193.283 | E100: =E101+E102 -> 0
A101: Исполнение судебных актов | B101: 1800000000 | C101: 830 | D101: =Ведом!F218 -> 0 | E101: =Ведом!G218 -> 0
A102: Уплата налогов, сборов и иных платежей | B102: 1800000000 | C102: 850 | D102: =Ведом!F181+Ведом!F219 -> 193.283 | E102: =Ведом!G181+Ведом!G219 -> 0
A103: Муниципальная программа "Улучшение условий охраны труда в муниципальном районе Клявлинский Самарской области на 2021-2027 годы" | B103: 1900000000 | D103: =D105+D107 -> 652.443 | E103: =E105+E107 -> 652.443
...
